 Dungeon Crawl Stone Soup version 0.31-a0-188-g5e087ee2ca (webtiles) character file.

Game seed: 14150393193099108496

330 qw the Skirmisher (level 6, 0/35 HPs)
             Began as a Deep Elf Hunter on June 23, 2023.
             Was an Initiate of Okawaru.
             Slain by an orc wizard
             ... wielding a +0 dagger
              (3 damage)
             ... on level 4 of the Dungeon.
             The game lasted 00:01:22 (3011 turns).

qw the Skirmisher (Deep Elf Hunter)                 Turns: 3011, Time: 00:01:23

Health: 0/35       AC:  5    Str: 16    XL:     6   Next: 26%
Magic:  8/8        EV: 12    Int: 14    God:    Okawaru [......]
Gold:   181        SH:  0    Dex: 18    Spells: 5/5 levels left

rFire   + . .        Y - +0 shortbow (drain)
rCold   . . .        (shield currently unavailable)
rNeg    . . .        b - +0 ring mail {rF+}
rPois   .            (no helmet)
rElec   .            (no cloak)
rCorr   .            (no gloves)
SInv    .            (no boots)
Will    .....        j - amulet of regeneration Stlth
                     g - +6 ring of strength
HPRegen 1.05/turn    (no ring)
MPRegen 0.11/turn

%: no passive effects
@: confused
A: no striking features
a: Renounce Religion


You were on level 4 of the Dungeon.
You worshipped Okawaru.
Okawaru was noncommittal.
You visited 2 branches of the dungeon, and saw 5 of its levels.

You collected 181 gold pieces.


   Skills:
 - Level 2.1 Fighting
 + Level 9.5 Ranged Weapons
 - Level 3.0 Dodging
 - Level 1.2 Stealth


You had 5 spell levels left.
You didn't know any spells.
Your spell library was empty.

Inventory:

Hand Weapons
 Y - a +0 shortbow of draining (weapon)
Armour
 b - a +0 ring mail of fire resistance (worn)
 c - the +1 leather armour of the Manifold Wars {rF++ MP+9 Int-3}
   (You found it on level 4 of the Dungeon)

   Int:       It affects your intelligence (-3).
   rF:        It greatly protects you from fire.
   MP:        It affects your magic capacity (+9).
Jewellery
 g - a +6 ring of strength (left hand)
 j - an amulet of regeneration (around neck)
 k - a ring of ice
Scrolls
 h - a scroll of identify
 i - a scroll of enchant armour {unknown}
 m - a scroll of fog {unknown}
Potions
 a - a potion of enlightenment
 d - a potion of heal wounds {unknown}
 e - a potion of magic {unknown}
 f - 2 potions of mutation
 l - a potion of invisibility {unknown}

Dungeon Overview and Level Annotations

Branches:
Dungeon (4/15)             Temple (1/1) D:4

Altars:
Ashenzari
Cheibriados
Dithmenos
Elyvilon
Fedhas
Gozag
Kikubaaqudgha
Makhleb
Nemelex Xobeh
Okawaru
Qazlal
Ru
Sif Muna
Trog
Uskayaw
Xom
Yredelemnul
Zin
The Shining One


Message History

The orc hits you with a +0 club. Something hits you but does no damage.
An orc comes into view. It is wielding a +0 falchion.
You shoot an arrow. The arrow hits the phantom.
The phantom is lightly damaged.
The orc hits you with a +0 club. The phantom misses you. Something hits you.
You shoot an arrow. The arrow hits the phantom.
The phantom is moderately damaged.
The orc hits you but does no damage. The phantom hits you.
An orc comes into view. It is wielding a +0 flail.
Something hits you but does no damage.
You shoot an arrow. The orc shouts!
The arrow hits the phantom.
The phantom is heavily damaged.
The orc misses you.
The phantom hits you but does no damage.
Something hits you but does no damage.
You shoot an arrow. The arrow hits the phantom!
The phantom is severely damaged.
The orc hits you with a +0 club. The phantom closely misses you.
You hear some strange, mumbled words.
Something tries to affect you, but you resist.
You shoot an arrow. The arrow hits the phantom!
The phantom is almost destroyed.
The orc hits you with a +0 club. The phantom closely misses you.
The orc priest miscasts a cantrip.
Something hits you but does no damage.
You shoot an arrow.
The arrow completely misses the phantom.
The arrow barely misses the orc.
The orc barely misses you. The phantom completely misses you.
You hear some strange, mumbled words.
You are confused.
The orc hits you with a +0 club. The phantom hits you. Something hits you.
The orc closely misses you. The phantom hits you.
The phantom blinks!
You blink.
The phantom closely misses you. The orc priest barely misses you.
The phantom hits you. The orc priest barely misses you. Something hits you.
The phantom hits you but does no damage.
The orc priest completely misses you. Something hits you.
You die...

*,********,,,,,,,,,,* *,*
*,#####***** *,* *,.....*
#,* *,.....#### #.*
#####,........#
#.##*#...,,,.......#
#>..##.#########...##
*#....o..........)...
**#@Wo.##*#####...##
##o...#######..)##
#o.#.....[...))..
***#..###.##...#####
*,.....,#.##...#
************..,....#.##...#
*,,,,,,,,,*#.,,....#.##...#
*,*******,*#,,,....#......#
*,* *,,,,,,,,,,###....#


You could see a phantom, an orc priest (very drained) and 3 orcs.

Vanquished Creatures
  A hound (D:4)
  An orc priest (D:4)
  An iguana (D:4)
  6 orc wizards
  An adder (D:3)
  A dart slug (D:1)
  17 orcs
  5 ball pythons
  7 endoplasms
  4 giant cockroaches
  7 hobgoblins
  4 jackals (D:1)
  3 kobolds
  A quokka (D:1)
  4 bats
  2 frilled lizards
  2 goblins (D:2)
  6 rats
73 creatures vanquished.

Notes
Turn   | Place    | Note
-------+----------+-------------------------------------------
     0 | D:1      | qw the Deep Elf Hunter began the quest for the Orb.
     0 | D:1      | Reached XP level 1. HP: 12/12 MP: 3/3
     0 | D:1      | 0 ||| qw: Version: 0.3-a-9-g12657ce
     0 | D:1      | 0 ||| qw: Game counter: 4091
     0 | D:1      | 0 ||| qw: Always use a shield: true
     0 | D:1      | 0 ||| qw: God list: Okawaru
     0 | D:1      | 0 ||| qw: Allow faded altars: false
     0 | D:1      | 0 ||| qw: Do Orc after D:15 true
     0 | D:1      | 0 ||| qw: Do second Lair branch before Depths: true
     0 | D:1      | 0 ||| qw: Lair rune preference: random
     0 | D:1      | 0 ||| qw: Plans: Normal
     0 | D:1      | 0 ||| PLANNING D:1-11
   127 | D:1      | Found a faded altar of an unknown god.
   142 | D:1      | 142 ||| READING scroll labelled FEISUOTWIYW.
   154 | D:1      | Reached skill level 6 in Ranged Weapons
   154 | D:1      | Reached XP level 2. HP: 16/16 MP: 4/4
   714 | D:1      | 714 ||| READING scroll labelled YVOTHRO EROSA.
   715 | D:1      | 715 ||| READING scroll labelled PAMOALLASK COICH.
   716 | D:1      | 716 ||| READING scroll labelled OTEOTU ZEHASH.
   717 | D:1      | 717 ||| DRINKING 2 grey potions.
   718 | D:1      | 718 ||| DROPPING scroll of butterflies.
   737 | D:2      | Reached XP level 3. HP: 20/20 MP: 5/5
  1098 | D:2      | Reached skill level 7 in Ranged Weapons
  1338 | D:2      | 1338 ||| UPGRADING to +0 ring mail of fire resistance.
  1348 | D:2      | 1348 ||| DROPPING +0 leather armour.
  1349 | D:2      | 1349 ||| UPGRADING to amulet of regeneration.
  1354 | D:2      | 1354 ||| UPGRADING to +6 ring of strength.
  1355 | D:2      | 1355 ||| DRINKING 3 inky potions.
  1360 | D:2      | 1360 ||| STAIRDANCE
  1462 | D:1      | 1462 ||| READING 2 scrolls of identify.
  1462 | D:1      | 1462 ||| IDENTIFYING viscous ruby potion
  1463 | D:1      | 1463 ||| DROPPING 2 potions of berserk rage.
  1502 | D:3      | Reached XP level 4. HP: 25/25 MP: 6/6
  1618 | D:3      | Found a blossoming altar of Fedhas.
  1930 | D:3      | Reached skill level 8 in Ranged Weapons
  2158 | D:3      | 2158 ||| READING scroll labelled TIHINUNWIU.
  2159 | D:3      | 2159 ||| DRINKING 2 dark potions.
  2214 | D:3      | 2214 ||| READING 3 scrolls of identify.
  2214 | D:3      | 2214 ||| IDENTIFYING glowing blue potion
  2215 | D:3      | 2215 ||| READING 2 scrolls of identify.
  2215 | D:3      | 2215 ||| IDENTIFYING bubbling ruby potion
  2216 | D:3      | 2216 ||| DROPPING potion of lignification.
  2217 | D:3      | 2217 ||| DROPPING potion of brilliance.
  2300 | D:4      | Reached XP level 5. HP: 29/29 MP: 7/7
  2309 | D:4      | Reached skill level 9 in Ranged Weapons
  2378 | D:4      | Found a staircase to the Ecumenical Temple.
  2379 | D:4      | 2379 ||| PLANNING TEMPLE
  2379 | D:4      | 2379 ||| READING scroll labelled DIP MYEPITT.
  2383 | D:4      | 2383 ||| READING scroll labelled HIKENG OGIT.
  2384 | D:4      | 2384 ||| READING 2 scrolls labelled ZUVOUN NUYBUHE.
  2385 | D:4      | 2385 ||| DROPPING scroll of revelation.
  2387 | D:4      | 2387 ||| Stepping ~*~*~tactically~*~*~ (cloud).
  2463 | Temple   | Entered the Ecumenical Temple
  2464 | Temple   | 2464 ||| PLANNING OKAWARU WORSHIP
  2613 | Temple   | Became a worshipper of Warmaster Okawaru
  2614 | Temple   | 2614 ||| PLANNING D:1-11
  2623 | D:4      | Identified the +1 leather armour of the Manifold Wars {rF++
                  | MP+9 Int-3}
  2833 | D:4      | Found a glowing golden altar of the Shining One.
  2842 | D:4      | Found a shadowy altar of Dithmenos.
  2892 | D:4      | Reached skill level 3 in Dodging
  2893 | D:4      | Reached XP level 6. HP: 33/35 MP: 8/8
  2902 | D:4      | 2902 ||| DRINKING potion of curing.
  2902 | D:4      | 2902 ||| (to cure confusion)
  3007 | D:4      | HP: 8/35 [something (2)]
  3010 | D:4      | HP: 3/35 [phantom (3)]
  3011 | D:4      | Slain by an orc wizard

Levels and vault maps discovered:
D:1:      wander_arrival_peaceful_grave, layout_basic,
          ebering_ecumenical_altar_petrified, minmay_tree_intersection,
          roderic_lattice_a, minmay_misc_feat_alley, hangedman_decor_push
D:2:      layout_loops_cross, uniq_natasha
D:3:      layout_loops_ring, mainiacjoe_overflow_24_doors
D:4:      layout_basic, amethyst_overflow_temple_binary,
          minmay_temple_entry_junction
Temple:   eino_temple_rhombus

Skill      XL: |  1  2  3  4  5 |
---------------+----------------+-----
Ranged Weapons | 6 7 8 9 |  9.5
Fighting       | 2 |  2.1
Dodging        | 3 |  3.0
Stealth        | |  1.2

Action                     |  1- 3 |  4- 6 || total
---------------------------+-------+-------++-------
   Fire: Shortbow          |    95 |   142 ||   237
    Use: Scroll            |     5 |     6 ||    11
         Potion            |     2 |     2 ||     4
 Armour: Leather armour    |     8 |       ||     8
         Ring mail         |       |    72 ||    72
  Dodge: Dodged            |    32 |    52 ||    84

Table legend:
 A = Non-vault XP
 B = Vault XP
 C = Vault XP percentage of total XP
 D = Non-vault monster count
 E = Vault monster count
 F = Vault count percentage of total count
                 A         B        C        D         E       F
            +---------+---------+-------+---------+---------+-------
      Total |     472 |       0 |   0.0 |      73 |       0 |   0.0
            +---------+---------+-------+---------+---------+-------
        D:1 |      37 |       0 |   0.0 |      20 |       0 |   0.0
        D:2 |      26 |       0 |   0.0 |      14 |       0 |   0.0
        D:3 |     113 |       0 |   0.0 |      18 |       0 |   0.0
        D:4 |     296 |       0 |   0.0 |      21 |       0 |   0.0
            +---------+---------+-------+---------+---------+-------
